 Dungeon Crawl Stone Soup version 0.30-a0-596-g0af90f9a20 (webtiles) character file.

Game seed: 1803986706145223239

135 wormed the Slasher (level 4, -1/37 HPs)
             Began as a Demigod Gladiator on Jan 7, 2023.
             Slain by a gnoll
             ... wielding a +0 flail
              (10 damage)
             ... on level 2 of the Dungeon.
             The game lasted 00:03:40 (1825 turns).

wormed the Slasher (Demigod Gladiator)              Turns: 1825, Time: 00:03:41

Health: -1/37      AC:  4    Str: 15    XL:     4   Next: 65%
Magic:  6/6        EV: 13    Int: 10    God:
Gold:   108        SH:  0    Dex: 19    Spells: 3/3 levels left

rFire   . . .      SeeInvis .    f - +0 falchion (venom)
rCold   . . .      Faith    .    (no shield)
rNeg    . . .      Spirit   .    b - +0 leather armour
rPois   .          Reflect  .    c - +0 helmet
rElec   .          Harm     .    (no cloak)
rCorr   .          Rampage  .    (no gloves)
Will    .....                    (no boots)
Stlth   +                        (no amulet)
HPRegen 0.26/turn                (no ring)
MPRegen 0.10/turn                (no ring)

@: no status effects
A: high MP 1, forlorn, divine attributes
a: no special abilities


You were on level 2 of the Dungeon.
You visited 1 branch of the dungeon, and saw 3 of its levels.

You collected 108 gold pieces.

Inventory:

Hand Weapons
 a - a +0 long sword
 f - a +0 falchion of venom (weapon)
Missiles
 d - 3 throwing nets (quivered)
 e - a javelin
 h - 4 poisoned darts
Armour
 b - a +0 leather armour (worn)
 c - a +0 helmet (worn)
Scrolls
 i - a scroll of fear {unknown}
 k - a scroll of vulnerability
Potions
 g - a potion of magic {unknown}
 l - 2 potions of brilliance
 n - 2 potions of lignification
 o - 2 potions of might {unknown}


   Skills:
 + Level 2.4 Fighting
 * Level 3.6 Long Blades
 + Level 2.5 Throwing
 + Level 1.4 Armour
 + Level 3.2 Dodging


You had 3 spell levels left.
You didn't know any spells.
Your spell library contained the following spells:

 Spells                   Type           Power      Damage    Failure   Level
 Cigotuvi's Dreadful Rot  Necr/Pois/Air  0%         N/A       56%         2
 Ensorcelled Hibernation  Hex/Ice        0%         N/A       56%         2
 Passwall                 Tmut/Erth      0%         N/A       56%         2
 Poisonous Vapours        Pois/Air       0%         N/A       56%         2
 Gell's Gravitas          Tloc           0%         N/A       80%         3
 Lesser Beckoning         Tloc           0%         N/A       80%         3
 Mephitic Cloud           Conj/Pois/Air  0%         N/A       80%         3
 Swiftness                Air            0%         N/A       80%         3
 Teleport Other           Tloc           0%         N/A       80%         3


Dungeon Overview and Level Annotations

Branches:
Dungeon (3/15)


Innate Abilities, Weirdness & Mutations

You have an increased reservoir of magic. (+10% MP)
You shall have no god before yourself.
Your divine heritage dramatically boosts your attributes as you level up.


Message History

You throw a throwing net. The throwing net hits the gnoll.
The gnoll is caught in the net!
The gnoll closely misses you.
The gnoll struggles against the net.
The gnoll struggles against the net.
The gnoll struggles against the net.
Throw: 4 throwing nets
Press: ? - help, Q - select action, (/) - cycle Shift-Dir - straight line, f/p - gnoll
Aim: a gnoll, wielding a +0 whip and quivering stones (entangled in a net, 94% to hit)
You throw a throwing net. The throwing net hits the gnoll.
The gnoll is caught in the net!
The gnoll struggles against the net. x2
The gnoll struggles against the net.
The net rips apart, and the gnoll comes free!
The gnoll struggles against the net.
The gnoll struggles against the net.
The gnoll throws a stone.
The stone misses you.
The gnoll throws a stone.
The stone misses you.
There is a stone staircase leading up here.
You climb upwards.
There is a stone staircase leading down here.
HP restored.
Done exploring.
You climb downwards.
There is a stone staircase leading up here.
You closely miss the gnoll. The gnoll misses you. The gnoll barely misses you.
You hit the gnoll but do no damage.
The gnoll is poisoned.
The gnoll hits you from afar with a +0 halberd.
The gnoll barely misses you.
The gnoll hits you from afar with a +0 halberd!
The gnoll hits you with a +0 whip. The gnoll barely misses you.
You climb upwards.
There is a stone staircase leading down here.
You hit the gnoll.
The gnoll is poisoned.
The gnoll is lightly wounded.
The gnoll hits you with a +0 flail! The gnoll hits you with a +0 whip.
* * * LOW HITPOINT WARNING * * *
You hit the gnoll but do no damage.
The gnoll looks even sicker.
The gnoll is lightly wounded.
The gnoll hits you with a +0 flail!
You die...

#.... #....
##############
###....
#............###
#......
###....#####...#
#.##### ####.###
###.# #.# #...#
#.## ##.# ###g##
#..# #..#
#g@#####.###.##
##...........### #
#######.##....####
#..###.#.....
#.......#####
###### #.###...#
#....## #.#...#.#
###...##
#.#.###.## ##...#
#.#.# #..####


You could see 2 gnolls.

Vanquished Creatures
  Natasha (D:2)
  An adder (D:2)
  5 gnolls
  A worm (D:2)
  A dart slug (D:2)
  5 endoplasms
  4 goblins
  6 hobgoblins
  2 jackals (D:2)
  3 kobolds
  3 quokkas
  5 ball pythons
  10 bats
  2 frilled lizards
  4 rats
53 creatures vanquished.

Notes
Turn   | Place    | Note
-------+----------+-------------------------------------------
     0 | D:1      | wormed the Demigod Gladiator began the quest for the Orb.
     0 | D:1      | Reached XP level 1. HP: 17/17 MP: 3/3
    65 | D:1      | Reached XP level 2. HP: 9/24 MP: 4/4
   718 | D:2      | Reached XP level 3. HP: 25/29 MP: 5/5
   896 | D:2      | Reached skill level 1 in Armour
   983 | D:2      | Noticed Natasha
  1124 | D:2      | Reached XP level 4. HP: 36/36 MP: 6/6
  1227 | D:2      | Killed Natasha
  1825 | D:2      | Slain by a gnoll

Illustrated notes

Levels and vault maps discovered:
D:1:      minmay_arrival_solitary_statue, layout_rooms, minmay_pentomino_r2
D:2:      layout_rooms, uniq_natasha
D:3:      layout_loops_ring, reono_crystal_passage

Skill      XL: |  1  2  3 |
---------------+----------+-----
Throwing       | 2 |  2.5
Long Blades    | 3 |  3.6
Fighting       | 2 |  2.4
Armour         | 1 |  1.4
Dodging        | 3 |  3.2

Action                   |  1- 3 |  4- 6 || total
-------------------------+-------+-------++-------
Melee: Long sword        |    41 |       ||    41
       Falchion          |    87 |    31 ||   118
       Punch             |       |     1 ||     1
Throw: Throwing net      |       |     2 ||     2
  Use: Scroll            |       |     6 ||     6
 Stab: Sleeping          |     1 |     1 ||     2
       Distracted        |       |     1 ||     1
Armor: Leather armour    |    47 |     2 ||    49
Dodge: Dodged            |   126 |    25 ||   151

Table legend: (Time is in decaauts)
 A = Elapsed time spent in this place.
 B = Non-inter-level travel time spent in this place.
 C = Inter-level travel time spent in this place.
 D = Time resting spent in this place.
 E = Time spent auto-exploring this place.
 F = Levels seen in this place.
 G = Mean time per level.
                   A        B        C        D        E       F      G
               +--------+--------+--------+--------+--------+-----+--------+
         Total |   1852 |   1800 |     52 |      0 |   1368 |   3 |  617.3 |
       Dungeon |   1852 |   1800 |     52 |      0 |   1368 |   3 |  617.3 |
               +--------+--------+--------+--------+--------+-----+--------+

Top non-repeatable levels by time:
     D:2: 783 daAuts
     D:1: 759 daAuts
     D:3: 310 daAuts
